Panthers vs Capitals

Created - Wednesday, February 03, 2016 at 01:40

Goals
1 2 3 T
Panthers 1 2 1 4
Capitals 1 3 1 5
Shots
1 2 3 T
Panthers 7 10 11 28
Capitals 7 21 3 31

1st period

1. Panthers , Robert Bortuzzo 6 (Ryan Johansen, Kevin Hayes) at 14:14 (PP)
2. Capitals , Matt Read 12 (Jakub Kindl, Nicklas Grossmann) at 18:13

Penalties :
Jakub Kindl (Was) for Unsportsmanlike conduct (Minor) at 14:04, Alex Tanguay (Was) for Roughing (Minor) at 16:21, Robert Bortuzzo (Fla) for Hooking (Minor) at 16:47

2nd period

3. Panthers , Charlie Coyle 9 (Brad Boyes, Paul Byron) at 2:39 (PP)
4. Capitals , Matt Read 13 (Melker Karlsson, Steve Bernier) at 7:25
5. Capitals , Patrick Kane 27 (Mike Green) at 7:43
6. Capitals , Eric Staal 32 (Patrick Kane) at 9:34 (PP)
7. Panthers , Kevin Hayes 14 (Carlo Colaiacovo, Paul Byron) at 12:27

Penalties :
Eric Staal (Was) for Hooking (Minor) at 1:43, Robert Bortuzzo (Fla) for Interference (Minor) at 5:24, Nino Niederreiter (Fla) for Holding (Minor) at 9:02, Kyle Clifford (Was) for Interference (Minor) at 17:06

3rd period

8. Panthers , Ryan Johansen 26 (Simon Despres, Ron Hainsey) at 0:28
9. Capitals , Nicklas Grossmann 5 (Eric Staal, Alex Tanguay) at 13:31 (PP)

Penalties :
Erik Condra (Was) for Hooking (Minor) at 0:52, Charlie Coyle (Fla) for Tripping (Minor) at 3:00, Kyle Clifford (Was) for Roughing (Minor) at 7:04, Lubomir Visnovsky (Fla) for Holding Stick (Minor) at 13:12

Goalie Stats

Michael Hutchinson (Fla), 11 saves from 12 shots - (0.917), 26:11 minutes
Kevin Poulin (Fla), 15 saves from 19 shots - (0.789), L, 6-29-0, 32:54 minutes
Matt Murray (Was), 24 saves from 28 shots - (0.857), W, 2-5-0, 60:00 minutes

Players Stats for Panthers

Player Name              G  A  P  +/- PIM S  H  SB GA TA FO     MP     PP MP  PK MP  
------------------------------------------------------------------------------------
Adam Larsson             0  0  0   0  0   0  0  0  0  0  0/0     0:00   0:00   0:00 
Alex Galchenyuk          0  0  0   0  0   0  0  2  0  0  0/0    13:13   0:00   0:00 
Brad Boyes               0  1  1   0  0   3  3  0  2  1  0/0    20:16   3:37   0:28 
Calvin de Haan           0  0  0   0  0   0  1  2  0  0  0/0    16:44   0:00   3:56 
Carlo Colaiacovo         0  1  1  -1  0   2  1  2  0  0  0/0    20:17   3:23   0:26 
Charlie Coyle            1  0  1   0  2   2  3  0  2  0  10/11  18:31   3:37   0:00 
Curtis Lazar             0  0  0   0  0   0  0  0  0  0  2/3     6:29   0:00   0:00 
Jakob Silfverberg        0  0  0   0  0   3  1  1  2  2  1/2    14:12   0:00   0:00 
Jesper Fast              0  0  0   1  0   0  0  0  0  0  0/0    10:48   0:00   0:00 
Kevin Hayes              1  1  2  -1  0   2  1  1  1  0  13/18  21:12   3:52   4:18 
Lubomir Visnovsky        0  0  0   0  2   2  1  1  0  0  0/0    15:29   0:00   0:00 
Nino Niederreiter        0  0  0  -1  2   4  1  0  2  1  0/0    18:41   3:52   0:28 
Paul Byron               0  2  2   0  0   0  0  2  3  2  2/6    21:09   3:37   4:32 
Robert Bortuzzo          1  0  1  -1  4   1  1  0  0  2  0/0    18:09   4:05   0:18 
Ron Hainsey              0  1  1  -1  0   0  0  0  1  3  0/0    26:50   4:06   4:30 
Ryan Johansen            1  1  2   0  0   5  0  1  5  0  7/13   21:07   3:52   0:00 
Sean Bergenheim          0  0  0   0  0   2  1  0  1  0  0/0     7:14   0:00   0:42 
Simon Despres            0  1  1   0  0   2  2  2  0  1  0/0    22:42   3:23   1:18 

Players Stats for Capitals

Player Name              G  A  P  +/- PIM S  H  SB GA TA FO     MP     PP MP  PK MP  
------------------------------------------------------------------------------------
Alex Tanguay             0  1  1   0  2   2  2  0  0  0  0/2    16:51   2:43   1:19 
Chad LaRose              0  0  0   0  0   0  0  0  0  0  0/0     0:00   0:00   0:00 
Damon Severson           0  0  0   0  0   1  0  0  0  0  0/0    11:31   0:00   0:10 
Eric Gelinas             0  0  0   0  0   2  0  1  0  0  0/0    11:21   0:00   0:00 
Eric O'Dell              0  0  0   0  0   0  1  0  0  0  2/6     7:23   0:00   1:57 
Eric Staal               1  1  2   0  2   6  1  0  4  0  9/17   21:50   2:43   5:14 
Erik Condra              0  0  0   0  2   1  1  1  0  0  0/0    12:25   0:00   0:00 
Jakub Kindl              0  1  1   1  2   0  1  4  0  0  0/0    21:27   1:39   3:00 
Kyle Clifford            0  0  0   0  4   2  3  0  1  0  0/1    14:03   0:00   0:56 
Luke Adam                0  0  0   1  0   0  0  0  0  0  0/0     7:39   0:19   0:00 
Marko Dano               0  0  0   0  0   2  0  0  2  1  1/6    12:21   0:00   0:00 
Matt Read                2  0  2   1  0   2  0  1  5  0  0/0    18:44   2:31   1:09 
Melker Karlsson          0  1  1   0  0   1  1  0  1  1  3/11   17:18   2:31   0:00 
Mike Green               0  1  1   0  0   3  0  2  0  2  0/0    27:00   3:35   4:19 
Nicklas Grossmann        1  1  2   1  0   2  1  0  0  2  0/0    21:38   1:39   3:10 
Patrick Kane             1  1  2   0  0   3  0  0  6  1  3/10   24:58   2:24   4:23 
Robyn Regehr             0  0  0   0  0   3  4  2  0  2  0/0    27:00   3:35   4:19 
Steve Bernier            0  1  1   0  0   1  2  0  1  0  0/0    17:18   2:31   0:00 

3 Stars

1 - Matt Read (Was)
2 - Nicklas Grossmann (Was)
3 - Ryan Johansen (Fla)

Power Play

Panthers - 2 on 6 Attempt(s) - 33.33%
Capitals - 2 on 5 Attempt(s) - 40.00%

Penalty Kill

Panthers - 3 on 5 Attempt(s) - 60.00% - Score 0 goal in Penalty Kill
Capitals - 4 on 6 Attempt(s) - 66.67% - Score 0 goal in Penalty Kill

Team Stat

Panthers - Hits : 16 - Faceoff Wins : 35 - Blocked Shots : 14 - Penalty Minutes : 10
Capitals - Hits : 17 - Faceoff Wins : 18 - Blocked Shots : 11 - Penalty Minutes : 12

Official

Referees : Unknown
Linesman : Unknown

Game Notes

Michael Hutchinson is injured at 6:11 of 2nd period (Left Knee)
Kevin Poulin enters game at 6:11 of 2nd period

Finance

Level 1 -- Attendance: 4219 (70.32%) -- Ticket Income $379,710
Level 2 -- Attendance: 3659 (73.18%) -- Ticket Income $201,245
Level 3 -- Attendance: 1774 (88.70%) -- Ticket Income $53,220
Level 4 -- Attendance: 4000 (100.00%) -- Ticket Income $68,000
Luxury Box -- Attendance: 909 (90.90%) -- Ticket Income $156,348
Game was played at the Verizon Center.
Total Attendance: 14561 (80.89%)
Total Ticket Income: $858,523
Other Income: $420,676
Total Income: $1,279,199

Panthers

5 vs 5 Forward 
   Center                   Left Wing                Right Wing               Time % Phy DF OF 
 1 Ryan Johansen            Alex Galchenyuk          Nino Niederreiter        35     1   2  2  
 2 Charlie Coyle            Jakob Silfverberg        Brad Boyes               30     1   2  2  
 3 Kevin Hayes              Paul Byron               Jesper Fast              22     1   2  2  
 4 Curtis Lazar             Sean Bergenheim          Ryan Johansen            13     1   2  2  

5 vs 5 Defense 
   Defense                  Defense                                           Time % Phy DF OF 
 1 Simon Despres            Ron Hainsey                                       35     1   2  2  
 2 Carlo Colaiacovo         Lubomir Visnovsky                                 30     1   2  2  
 3 Calvin de Haan           Robert Bortuzzo                                   22     1   2  2  
 4 Simon Despres            Ron Hainsey                                       13     1   2  2  

PowerPlay Forward 
   Center                   Left Wing                Right Wing               Time % Phy DF OF 
 1 Kevin Hayes              Ryan Johansen            Nino Niederreiter        60     1   2  2  
 2 Charlie Coyle            Paul Byron               Brad Boyes               40     1   2  2  

PowerPlay Defense
   Defense                  Defense                                           Time % Phy DF OF 
 1 Robert Bortuzzo          Ron Hainsey                                       60     1   2  2  
 2 Simon Despres            Carlo Colaiacovo                                  40     1   2  2  

Penalty Kill 4 Players Forward 
   Center                   Wing                     Time % Phy DF OF 
 1 Kevin Hayes              Paul Byron               60     1   2  2  
 2 Nino Niederreiter        Charlie Coyle            40     1   2  2  

Penalty Kill 4 Players Defense
   Defense                  Defense                  Time % Phy DF OF 
 1 Calvin de Haan           Ron Hainsey              60     1   2  2  
 2 Simon Despres            Robert Bortuzzo          40     1   2  2  

Penalty Kill - 3 Players Forward 
   Forward                                           Time % Phy DF OF 
 1 Nino Niederreiter                                 60     1   2  2  
 2 Charlie Coyle                                     40     1   2  2  

Penalty Kill - 3 Players Defense
   Defense                  Defense                  Time % Phy DF OF 
 1 Calvin de Haan           Ron Hainsey              60     1   2  2  
 2 Simon Despres            Robert Bortuzzo          40     1   2  2  

4 vs 4 Forward 
   Center                   Wing                     Time % Phy DF OF 
 1 Paul Byron               Kevin Hayes              60     1   2  2  
 2 Nino Niederreiter        Charlie Coyle            40     1   2  2  

4 vs 4 Defense
   Defense                  Defense                  Time % Phy DF OF 
 1 Robert Bortuzzo          Ron Hainsey              60     1   2  2  
 2 Simon Despres            Carlo Colaiacovo         40     1   2  2  

Last Minutes Offensive
   Center                   Left Wing                Right Wing               Defense                  Defense                  
   Ryan Johansen            Alex Galchenyuk          Nino Niederreiter        Simon Despres            Ron Hainsey              

Last Minutes Defensive
   Center                   Left Wing                Right Wing               Defense                  Defense                  
   Ryan Johansen            Alex Galchenyuk          Nino Niederreiter        Simon Despres            Ron Hainsey              

Goaltenders
Starting : Michael Hutchinson       
Backup : Kevin Poulin             

Extra Forwards
Normal : Nino Niederreiter, Kevin Hayes, Paul Byron - PP : Nino Niederreiter, Kevin Hayes - PK : Paul Byron
Extra Defensemen
Normal : Simon Despres, Robert Bortuzzo, Ron Hainsey - PP : Ron Hainsey - PK : Robert Bortuzzo, Ron Hainsey
Penalty Shots
Kevin Hayes, Paul Byron, Nino Niederreiter, Charlie Coyle, Ryan Johansen

Capitals

5 vs 5 Forward 
   Center                   Left Wing                Right Wing               Time % Phy DF OF 
 1 Eric Staal               Alex Tanguay             Patrick Kane             35     1   2  2  
 2 Melker Karlsson          Matt Read                Steve Bernier            30     1   2  2  
 3 Marko Dano               Kyle Clifford            Erik Condra              22     1   2  2  
 4 Eric O'Dell              Luke Adam                Patrick Kane             13     1   2  2  

5 vs 5 Defense 
   Defense                  Defense                                           Time % Phy DF OF 
 1 Robyn Regehr             Mike Green                                        35     1   2  2  
 2 Nicklas Grossmann        Jakub Kindl                                       30     1   2  2  
 3 Eric Gelinas             Damon Severson                                    22     1   2  2  
 4 Robyn Regehr             Mike Green                                        13     1   2  2  

PowerPlay Forward 
   Center                   Left Wing                Right Wing               Time % Phy DF OF 
 1 Eric Staal               Alex Tanguay             Patrick Kane             60     1   2  2  
 2 Melker Karlsson          Matt Read                Steve Bernier            40     1   2  2  

PowerPlay Defense
   Defense                  Defense                                           Time % Phy DF OF 
 1 Robyn Regehr             Mike Green                                        60     1   2  2  
 2 Nicklas Grossmann        Jakub Kindl                                       40     1   2  2  

Penalty Kill 4 Players Forward 
   Center                   Wing                     Time % Phy DF OF 
 1 Patrick Kane             Eric Staal               60     1   2  2  
 2 Alex Tanguay             Matt Read                40     1   2  2  

Penalty Kill 4 Players Defense
   Defense                  Defense                  Time % Phy DF OF 
 1 Robyn Regehr             Mike Green               60     1   2  2  
 2 Nicklas Grossmann        Jakub Kindl              40     1   2  2  

Penalty Kill - 3 Players Forward 
   Forward                                           Time % Phy DF OF 
 1 Patrick Kane                                      60     1   2  2  
 2 Eric Staal                                        40     1   2  2  

Penalty Kill - 3 Players Defense
   Defense                  Defense                  Time % Phy DF OF 
 1 Robyn Regehr             Mike Green               60     1   2  2  
 2 Nicklas Grossmann        Jakub Kindl              40     1   2  2  

4 vs 4 Forward 
   Center                   Wing                     Time % Phy DF OF 
 1 Patrick Kane             Eric Staal               60     1   2  2  
 2 Alex Tanguay             Matt Read                40     1   2  2  

4 vs 4 Defense
   Defense                  Defense                  Time % Phy DF OF 
 1 Robyn Regehr             Mike Green               60     1   2  2  
 2 Nicklas Grossmann        Jakub Kindl              40     1   2  2  

Last Minutes Offensive
   Center                   Left Wing                Right Wing               Defense                  Defense                  
   Eric Staal               Alex Tanguay             Patrick Kane             Robyn Regehr             Mike Green               

Last Minutes Defensive
   Center                   Left Wing                Right Wing               Defense                  Defense                  
   Eric Staal               Alex Tanguay             Patrick Kane             Robyn Regehr             Mike Green               

Goaltenders
Starting : Matt Murray              
Backup : Sami Aittokallio         

Extra Forwards
Normal : Luke Adam, Erik Condra, Kyle Clifford - PP : Luke Adam, Erik Condra - PK : Kyle Clifford
Extra Defensemen
Normal : Eric Gelinas, Damon Severson, Nicklas Grossmann - PP : Eric Gelinas - PK : Damon Severson, Nicklas Grossmann
Penalty Shots
Patrick Kane, Eric Staal, Alex Tanguay, Matt Read, Steve Bernier

% Time on Ice - Panthers

Lines # - Real PCT - Wanted PCT - Time Play
Normal Forward
1 - 28% - 35% - 12:49
2 - 33% - 30% - 14:55
3 - 24% - 22% - 10:48
4 - 14% - 13% - 6:29
Normal Defense
1 - 32% - 35% - 14:18
2 - 36% - 30% - 16:09
3 - 28% - 22% - 12:48
4 - 4% - 13% - 1:46
PP Forward
1 - 52% - 60% - 3:52
2 - 48% - 40% - 3:37
PP Defense
1 - 55% - 60% - 4:06
2 - 45% - 40% - 3:23
PK Forward
1 - 91% - 60% - 4:47
2 - 9% - 40% - 0:28
PK Defense
1 - 75% - 60% - 3:57
2 - 25% - 40% - 1:18
PK3 Forward
1 - 0% - 60%
2 - 0% - 40%
PK3 Defense
1 - 0% - 60%
2 - 0% - 40%
44 Forward
1 - 100% - 60% - 1:33
2 - 0% - 40% - 0:00
44 Defense
1 - 92% - 60% - 1:26
2 - 8% - 40% - 0:07
Last Minute Offensive  - 0:42
Last Minute Defensive  - 0:00
Total
Forward - 60:00
Defense - 60:00

% Time on Ice - Capitals

Lines # - Real PCT - Wanted PCT - Time Play
Normal Forward
1 - 28% - 35% - 12:33
2 - 33% - 30% - 14:47
3 - 27% - 22% - 12:21
4 - 12% - 13% - 5:26
Normal Defense
1 - 34% - 35% - 15:18
2 - 36% - 30% - 16:12
3 - 25% - 22% - 11:21
4 - 5% - 13% - 2:16
PP Forward
1 - 52% - 60% - 2:43
2 - 48% - 40% - 2:32
PP Defense
1 - 69% - 60% - 3:36
2 - 31% - 40% - 1:39
PK Forward
1 - 85% - 60% - 6:20
2 - 15% - 40% - 1:09
PK Defense
1 - 58% - 60% - 4:19
2 - 42% - 40% - 3:10
PK3 Forward
1 - 0% - 60%
2 - 0% - 40%
PK3 Defense
1 - 0% - 60%
2 - 0% - 40%
44 Forward
1 - 82% - 60% - 1:16
2 - 18% - 40% - 0:17
44 Defense
1 - 60% - 60% - 0:56
2 - 40% - 40% - 0:37
Last Minute Offensive  - 0:00
Last Minute Defensive  - 0:36
Total
Forward - 60:00
Defense - 60:00

Play by Play

1st period


0:01 of 1st period - Ryan Johansen wins face-off versus Patrick Kane in neutral zone.
0:54 of 1st period - Mike Green is hit by Brad Boyes and loses puck.
1:03 of 1st period - Snap shot by Brad Boyes.
1:03 of 1st period - Shot Blocked by Robyn Regehr.
1:14 of 1st period - Charlie Coyle is hit by Robyn Regehr and loses puck.
1:43 of 1st period - Robert Bortuzzo is hit by Erik Condra and loses puck.
1:52 of 1st period - Snap shot by Marko Dano.
1:52 of 1st period - Deflect By Calvin de Haan.
1:52 of 1st period - Shot Blocked by Paul Byron.
1:52 of 1st period - Puck is out of play.
1:53 of 1st period - Ryan Johansen wins face-off versus Eric O'Dell in Panthers zone.
1:58 of 1st period - Luke Adam is hit by Lubomir Visnovsky and loses puck.
3:58 of 1st period - Calvin de Haan is hit by Alex Tanguay.
5:08 of 1st period - Jesper Fast is hit by Steve Bernier.
5:20 of 1st period - Off-side.
5:21 of 1st period - Charlie Coyle wins face-off versus Kyle Clifford in neutral zone.
6:08 of 1st period - Wrist shot by Kevin Hayes.
6:08 of 1st period - Shot Misses the Net.
6:24 of 1st period - Nino Niederreiter is hit by Eric Staal and loses puck.
6:35 of 1st period - Patrick Kane is hit by Nino Niederreiter and loses puck.
7:16 of 1st period - Wrist shot by Matt Read.
7:16 of 1st period - Shot Blocked by Carlo Colaiacovo.
7:18 of 1st period - Slapshot by Robyn Regehr.
7:18 of 1st period - Stopped by Michael Hutchinson without a rebound.
7:19 of 1st period - Curtis Lazar wins face-off versus Eric O'Dell in Panthers zone.
7:26 of 1st period - Wrist shot by Sean Bergenheim.
7:26 of 1st period - Stopped by Matt Murray without a rebound.
7:27 of 1st period - Kevin Hayes wins face-off versus Eric O'Dell in Capitals zone.
8:27 of 1st period - Snap shot by Marko Dano.
8:27 of 1st period - Deflect By Brad Boyes.
8:27 of 1st period - Stopped by Michael Hutchinson with a rebound.
8:39 of 1st period - Snap shot by Kyle Clifford.
8:39 of 1st period - Shot Misses the Net.
8:43 of 1st period - Wrist shot by Erik Condra.
8:43 of 1st period - Stopped by Michael Hutchinson with a rebound.
8:45 of 1st period - Wrist shot by Marko Dano.
8:45 of 1st period - Stopped by Michael Hutchinson without a rebound.
8:46 of 1st period - Eric Staal wins face-off versus Ryan Johansen in Panthers zone.
8:59 of 1st period - Snap shot by Eric Staal.
8:59 of 1st period - Stopped by Michael Hutchinson with a rebound.
9:01 of 1st period - Snap shot by Damon Severson.
9:01 of 1st period - Shot Blocked by Simon Despres.
9:15 of 1st period - Simon Despres is hit by Steve Bernier and loses puck.
9:43 of 1st period - Off-side.
9:44 of 1st period - Kevin Hayes wins face-off versus Marko Dano in neutral zone.
9:49 of 1st period - Erik Condra is hit by Kevin Hayes.
10:09 of 1st period - Snap shot by Kevin Hayes.
10:09 of 1st period - Shot Blocked by Mike Green.
10:11 of 1st period - Slapshot by Carlo Colaiacovo.
10:11 of 1st period - Stopped by Matt Murray with a rebound.
10:29 of 1st period - Carlo Colaiacovo is hit by Alex Tanguay and loses puck.
10:40 of 1st period - Wrist shot by Eric Staal.
10:40 of 1st period - Shot Misses the Net.
11:03 of 1st period - Snap shot by Ryan Johansen.
11:03 of 1st period - Shot Misses the Net.
11:05 of 1st period - Wrist shot by Sean Bergenheim.
11:05 of 1st period - Shot Blocked by Jakub Kindl.
11:07 of 1st period - Snap shot by Ryan Johansen.
11:07 of 1st period - Shot Blocked by Jakub Kindl.
11:09 of 1st period - Slapshot by Simon Despres.
11:09 of 1st period - Shot Misses the Net.
11:11 of 1st period - Wrist shot by Sean Bergenheim.
11:11 of 1st period - Shot Blocked by Jakub Kindl.
11:13 of 1st period - Backhand shot by Simon Despres.
11:13 of 1st period - Stopped by Matt Murray with a rebound.
11:21 of 1st period - Backhand shot by Sean Bergenheim.
11:21 of 1st period - Shot Blocked by Matt Read.
12:03 of 1st period - Ryan Johansen is hit by Eric O'Dell.
12:27 of 1st period - Snap shot by Marko Dano.
12:27 of 1st period - Shot Blocked by Calvin de Haan.
12:33 of 1st period - Eric Gelinas is hit by Charlie Coyle and loses puck.
12:38 of 1st period - Snap shot by Jakob Silfverberg.
12:38 of 1st period - Stopped by Matt Murray with a rebound.
12:56 of 1st period - Wrist shot by Kevin Hayes.
12:56 of 1st period - Stopped by Matt Murray with a rebound.
12:58 of 1st period - Snap shot by Paul Byron.
12:58 of 1st period - Deflect By Kevin Hayes.
12:58 of 1st period - Deflect By Mike Green.
12:58 of 1st period - Shot Misses the Net.
12:58 of 1st period - Puck is out of play.
12:59 of 1st period - Eric Staal wins face-off versus Kevin Hayes in Capitals zone.
13:06 of 1st period - Slapshot by Mike Green.
13:06 of 1st period - Deflect By Lubomir Visnovsky.
13:06 of 1st period - Stopped by Michael Hutchinson with a rebound.
14:04 of 1st period - Minor Penalty to Jakub Kindl for Unsportsmanlike conduct.
14:05 of 1st period - Kevin Hayes wins face-off versus Patrick Kane in Capitals zone.
14:12 of 1st period - Snap shot by Ryan Johansen.
14:12 of 1st period - Shot Misses the Net.
14:14 of 1st period - Slapshot by Robert Bortuzzo.
14:14 of 1st period - Goal by Robert Bortuzzo - Panthers : 1 - Capitals : 0.
14:15 of 1st period - Charlie Coyle wins face-off versus Melker Karlsson in neutral zone.
15:12 of 1st period - Jesper Fast is hit by Robyn Regehr and loses puck.
15:51 of 1st period - Slapshot by Patrick Kane.
15:51 of 1st period - Deflect By Eric Staal.
15:51 of 1st period - Shot Misses the Net.
15:51 of 1st period - Puck is out of play.
15:52 of 1st period - Ryan Johansen wins face-off versus Eric Staal in Panthers zone.
16:03 of 1st period - Wrist shot by Ryan Johansen.
16:03 of 1st period - Shot Blocked by Eric Gelinas.
16:21 of 1st period - Minor Penalty to Alex Tanguay for Roughing.
16:22 of 1st period - Charlie Coyle wins face-off versus Patrick Kane in Capitals zone.
16:47 of 1st period - Minor Penalty to Robert Bortuzzo for Hooking.
16:48 of 1st period - Paul Byron wins face-off versus Patrick Kane in Panthers zone.
18:11 of 1st period - Snap shot by Matt Read.
18:11 of 1st period - Shot Blocked by Carlo Colaiacovo.
18:13 of 1st period - Snap shot by Matt Read.
18:13 of 1st period - Goal by Matt Read - Panthers : 1 - Capitals : 1.
18:14 of 1st period - Patrick Kane wins face-off versus Paul Byron in neutral zone.
18:21 of 1st period - Penalty to Alex Tanguay is over, Alex Tanguay is back on ice.
18:30 of 1st period - Icing by Matt Read.
18:31 of 1st period - Melker Karlsson wins face-off versus Paul Byron in Capitals zone.
18:47 of 1st period - Penalty to Robert Bortuzzo is over, Robert Bortuzzo is back on ice.
19:23 of 1st period - Slapshot by Ryan Johansen.
19:23 of 1st period - Stopped by Matt Murray with a rebound.
19:34 of 1st period - Slapshot by Ryan Johansen.
19:34 of 1st period - Deflect By Nino Niederreiter.
19:34 of 1st period - Shot Hit the Post.
19:34 of 1st period - Puck is out of play.
19:35 of 1st period - Charlie Coyle wins face-off versus Marko Dano in Capitals zone.
Goals for this period are 1 for Panthers vs 1 for Capitals.
Shots for this period are 7 for Panthers vs 7 for Capitals.

2nd period


0:01 of 2nd period - Ryan Johansen wins face-off versus Eric Staal in neutral zone.
0:22 of 2nd period - Wrist shot by Alex Galchenyuk.
0:22 of 2nd period - Shot Misses the Net.
0:31 of 2nd period - Slapshot by Robyn Regehr.
0:31 of 2nd period - Deflect By Ryan Johansen.
0:31 of 2nd period - Stopped by Michael Hutchinson without a rebound.
0:32 of 2nd period - Charlie Coyle wins face-off versus Melker Karlsson in Panthers zone.
0:45 of 2nd period - Wrist shot by Charlie Coyle.
0:45 of 2nd period - Shot Blocked by Jakub Kindl.
1:07 of 2nd period - Snap shot by Steve Bernier.
1:07 of 2nd period - Shot Misses the Net.
1:29 of 2nd period - Paul Byron is hit by Kyle Clifford and loses puck.
1:34 of 2nd period - Slapshot by Mike Green.
1:34 of 2nd period - Stopped by Michael Hutchinson without a rebound.
1:35 of 2nd period - Kevin Hayes wins face-off versus Eric Staal in Panthers zone.
1:43 of 2nd period - Minor Penalty to Eric Staal for Hooking.
1:44 of 2nd period - Kevin Hayes wins face-off versus Patrick Kane in Capitals zone.
2:09 of 2nd period - Slapshot by Nino Niederreiter.
2:09 of 2nd period - Stopped by Matt Murray with a rebound.
2:11 of 2nd period - Slapshot by Ron Hainsey.
2:11 of 2nd period - Deflect By Ryan Johansen.
2:11 of 2nd period - Shot Misses the Net.
2:11 of 2nd period - Puck is out of play.
2:12 of 2nd period - Charlie Coyle wins face-off versus Patrick Kane in Capitals zone.
2:13 of 2nd period - Wrist shot by Brad Boyes.
2:13 of 2nd period - Stopped by Matt Murray with a rebound.
2:39 of 2nd period - Snap shot by Charlie Coyle.
2:39 of 2nd period - Goal by Charlie Coyle - Panthers : 2 - Capitals : 1.
2:40 of 2nd period - Ryan Johansen wins face-off versus Melker Karlsson in neutral zone.
3:17 of 2nd period - Wrist shot by Melker Karlsson.
3:17 of 2nd period - Stopped by Michael Hutchinson with a rebound.
3:38 of 2nd period - Brad Boyes is hit by Robyn Regehr and loses puck.
4:25 of 2nd period - Nicklas Grossmann is hit by Brad Boyes and loses puck.
5:24 of 2nd period - Minor Penalty to Robert Bortuzzo for Interference.
5:25 of 2nd period - Eric Staal wins face-off versus Kevin Hayes in Panthers zone.
5:45 of 2nd period - Snap shot by Eric Staal.
5:45 of 2nd period - Stopped by Michael Hutchinson with a rebound.
5:47 of 2nd period - Slapshot by Alex Tanguay.
5:47 of 2nd period - Shot Misses the Net.
6:09 of 2nd period - Snap shot by Matt Read.
6:09 of 2nd period - Shot Blocked by Paul Byron.
6:11 of 2nd period - Slapshot by Robyn Regehr.
6:11 of 2nd period - Stopped by Michael Hutchinson with a rebound.
6:11 of 2nd period - Michael Hutchinson from Panthers is injured at 6:11 of 2nd period (Left Knee).
6:11 of 2nd period - Kevin Poulin enters game.
6:12 of 2nd period - Kevin Hayes wins face-off versus Eric Staal in Panthers zone.
6:47 of 2nd period - Slapshot by Patrick Kane.
6:47 of 2nd period - Stopped by Kevin Poulin with a rebound.
6:49 of 2nd period - Snap shot by Alex Tanguay.
6:49 of 2nd period - Stopped by Kevin Poulin without a rebound.
6:50 of 2nd period - Kevin Hayes wins face-off versus Melker Karlsson in Panthers zone.
7:05 of 2nd period - Snap shot by Steve Bernier.
7:05 of 2nd period - Shot Misses the Net.
7:07 of 2nd period - Slapshot by Jakub Kindl.
7:07 of 2nd period - Deflect By Steve Bernier.
7:07 of 2nd period - Stopped by Kevin Poulin without a rebound.
7:08 of 2nd period - Kevin Hayes wins face-off versus Melker Karlsson in Panthers zone.
7:24 of 2nd period - Penalty to Robert Bortuzzo is over, Robert Bortuzzo is back on ice.
7:25 of 2nd period - Slapshot by Matt Read.
7:25 of 2nd period - Goal by Matt Read - Panthers : 2 - Capitals : 2.
7:26 of 2nd period - Ryan Johansen wins face-off versus Eric Staal in neutral zone.
7:41 of 2nd period - Snap shot by Patrick Kane.
7:41 of 2nd period - Shot Blocked by Alex Galchenyuk.
7:43 of 2nd period - Slapshot by Mike Green.
7:43 of 2nd period - Deflect By Patrick Kane.
7:43 of 2nd period - Goal by Patrick Kane - Panthers : 2 - Capitals : 3.
7:44 of 2nd period - Eric Staal wins face-off versus Ryan Johansen in neutral zone.
8:03 of 2nd period - Wrist shot by Eric Staal.
8:03 of 2nd period - Shot Misses the Net.
8:05 of 2nd period - Backhand shot by Mike Green.
8:05 of 2nd period - Stopped by Kevin Poulin without a rebound.
8:06 of 2nd period - Jakob Silfverberg wins face-off versus Melker Karlsson in Panthers zone.
9:02 of 2nd period - Minor Penalty to Nino Niederreiter for Holding.
9:03 of 2nd period - Kevin Hayes wins face-off versus Alex Tanguay in Panthers zone.
9:20 of 2nd period - Snap shot by Eric Staal.
9:20 of 2nd period - Stopped by Kevin Poulin without a rebound.
9:21 of 2nd period - Eric Staal wins face-off versus Kevin Hayes in Panthers zone.
9:34 of 2nd period - Wrist shot by Eric Staal.
9:34 of 2nd period - Goal by Eric Staal - Panthers : 2 - Capitals : 4.
9:35 of 2nd period - Eric Staal wins face-off versus Ryan Johansen in neutral zone.
9:48 of 2nd period - Wrist shot by Patrick Kane.
9:48 of 2nd period - Shot Blocked by Alex Galchenyuk.
10:04 of 2nd period - Wrist shot by Patrick Kane.
10:04 of 2nd period - Stopped by Kevin Poulin with a rebound.
10:06 of 2nd period - Snap shot by Patrick Kane.
10:06 of 2nd period - Deflect By Alex Tanguay.
10:06 of 2nd period - Shot Blocked by Simon Despres.
10:06 of 2nd period - Puck is out of play.
10:07 of 2nd period - Kevin Hayes wins face-off versus Melker Karlsson in Panthers zone.
10:28 of 2nd period - Snap shot by Kevin Hayes.
10:28 of 2nd period - Shot Misses the Net.
10:51 of 2nd period - Icing by Nicklas Grossmann.
10:52 of 2nd period - Charlie Coyle wins face-off versus Melker Karlsson in Capitals zone.
11:57 of 2nd period - Snap shot by Nino Niederreiter.
11:57 of 2nd period - Stopped by Matt Murray with a rebound.
11:59 of 2nd period - Wrist shot by Lubomir Visnovsky.
11:59 of 2nd period - Stopped by Matt Murray with a rebound.
12:23 of 2nd period - Snap shot by Paul Byron.
12:23 of 2nd period - Shot Misses the Net.
12:25 of 2nd period - Slapshot by Carlo Colaiacovo.
12:25 of 2nd period - Shot Misses the Net.
12:27 of 2nd period - Wrist shot by Kevin Hayes.
12:27 of 2nd period - Goal by Kevin Hayes - Panthers : 3 - Capitals : 4.
12:28 of 2nd period - Kevin Hayes wins face-off versus Eric Staal in neutral zone.
12:33 of 2nd period - Eric Staal is hit by Simon Despres and loses puck.
12:57 of 2nd period - Snap shot by Eric Staal.
12:57 of 2nd period - Stopped by Kevin Poulin with a rebound.
13:42 of 2nd period - Wrist shot by Marko Dano.
13:42 of 2nd period - Shot Misses the Net.
13:44 of 2nd period - Slapshot by Kyle Clifford.
13:44 of 2nd period - Stopped by Kevin Poulin without a rebound.
13:45 of 2nd period - Eric O'Dell wins face-off versus Jakob Silfverberg in Panthers zone.
13:50 of 2nd period - Slapshot by Eric Gelinas.
13:50 of 2nd period - Stopped by Kevin Poulin with a rebound.
13:52 of 2nd period - Slapshot by Damon Severson.
13:52 of 2nd period - Deflect By Brad Boyes.
13:52 of 2nd period - Stopped by Kevin Poulin with a rebound.
13:54 of 2nd period - Slapshot by Eric Gelinas.
13:54 of 2nd period - Stopped by Kevin Poulin with a rebound.
13:56 of 2nd period - Wrist shot by Eric O'Dell.
13:56 of 2nd period - Shot Blocked by Jakob Silfverberg.
16:33 of 2nd period - Snap shot by Charlie Coyle.
16:33 of 2nd period - Shot Misses the Net.
16:35 of 2nd period - Backhand shot by Carlo Colaiacovo.
16:35 of 2nd period - Stopped by Matt Murray without a rebound.
16:36 of 2nd period - Ryan Johansen wins face-off versus Eric Staal in Capitals zone.
16:37 of 2nd period - Slapshot by Alex Galchenyuk.
16:37 of 2nd period - Shot Blocked by Robyn Regehr.
16:39 of 2nd period - Snap shot by Ryan Johansen.
16:39 of 2nd period - Shot Blocked by Mike Green.
16:41 of 2nd period - Wrist shot by Nino Niederreiter.
16:41 of 2nd period - Shot Misses the Net.
16:43 of 2nd period - Snap shot by Nino Niederreiter.
16:43 of 2nd period - Stopped by Matt Murray with a rebound.
16:45 of 2nd period - Wrist shot by Ryan Johansen.
16:45 of 2nd period - Shot Misses the Net.
17:06 of 2nd period - Minor Penalty to Kyle Clifford for Interference.
17:07 of 2nd period - Patrick Kane wins face-off versus Paul Byron in Capitals zone.
18:14 of 2nd period - Wrist shot by Jakub Kindl.
18:14 of 2nd period - Deflect By Eric Staal.
18:14 of 2nd period - Stopped by Kevin Poulin with a rebound.
18:32 of 2nd period - Backhand shot by Nicklas Grossmann.
18:32 of 2nd period - Stopped by Kevin Poulin with a rebound.
19:02 of 2nd period - Snap shot by Ryan Johansen.
19:02 of 2nd period - Stopped by Matt Murray with a rebound.
19:04 of 2nd period - Snap shot by Simon Despres.
19:04 of 2nd period - Stopped by Matt Murray without a rebound.
19:05 of 2nd period - Kevin Hayes wins face-off versus Patrick Kane in Capitals zone.
19:06 of 2nd period - Penalty to Kyle Clifford is over, Kyle Clifford is back on ice.
19:43 of 2nd period - Matt Read is hit by Robert Bortuzzo and loses puck.
Goals for this period are 2 for Panthers vs 3 for Capitals.
Shots for this period are 10 for Panthers vs 21 for Capitals.

3rd period


0:01 of 3rd period - Eric Staal wins face-off versus Ryan Johansen in neutral zone.
0:18 of 3rd period - Wrist shot by Ryan Johansen.
0:18 of 3rd period - Stopped by Matt Murray with a rebound.
0:20 of 3rd period - Slapshot by Simon Despres.
0:20 of 3rd period - Shot Misses the Net.
0:22 of 3rd period - Slapshot by Simon Despres.
0:22 of 3rd period - Deflect By Nino Niederreiter.
0:22 of 3rd period - Stopped by Matt Murray with a rebound.
0:24 of 3rd period - Snap shot by Ron Hainsey.
0:24 of 3rd period - Shot Misses the Net.
0:28 of 3rd period - Wrist shot by Ryan Johansen.
0:28 of 3rd period - Goal by Ryan Johansen - Panthers : 4 - Capitals : 4.
0:29 of 3rd period - Charlie Coyle wins face-off versus Marko Dano in neutral zone.
0:52 of 3rd period - Minor Penalty to Erik Condra for Hooking.
0:53 of 3rd period - Patrick Kane wins face-off versus Kevin Hayes in Capitals zone.
1:46 of 3rd period - Robyn Regehr is hit by Charlie Coyle and loses puck.
2:11 of 3rd period - Matt Read is hit by Charlie Coyle and loses puck.
2:35 of 3rd period - Wrist shot by Ryan Johansen.
2:35 of 3rd period - Stopped by Matt Murray with a rebound.
2:52 of 3rd period - Penalty to Erik Condra is over, Erik Condra is back on ice.
2:53 of 3rd period - Snap shot by Charlie Coyle.
2:53 of 3rd period - Stopped by Matt Murray without a rebound.
2:54 of 3rd period - Charlie Coyle wins face-off versus Marko Dano in Capitals zone.
3:00 of 3rd period - Minor Penalty to Charlie Coyle for Tripping.
3:01 of 3rd period - Melker Karlsson wins face-off versus Paul Byron in Panthers zone.
3:28 of 3rd period - Wrist shot by Matt Read.
3:28 of 3rd period - Shot Misses the Net.
5:00 of 3rd period - Penalty to Charlie Coyle is over, Charlie Coyle is back on ice.
5:02 of 3rd period - Off-side.
5:03 of 3rd period - Melker Karlsson wins face-off versus Ryan Johansen in neutral zone.
5:30 of 3rd period - Ryan Johansen is hit by Kyle Clifford and loses puck.
5:37 of 3rd period - Slapshot by Kyle Clifford.
5:37 of 3rd period - Stopped by Kevin Poulin without a rebound.
5:38 of 3rd period - Charlie Coyle wins face-off versus Marko Dano in Panthers zone.
5:51 of 3rd period - Slapshot by Brad Boyes.
5:51 of 3rd period - Stopped by Matt Murray with a rebound.
5:53 of 3rd period - Slapshot by Lubomir Visnovsky.
5:53 of 3rd period - Deflect By Jakob Silfverberg.
5:53 of 3rd period - Stopped by Matt Murray with a rebound.
5:55 of 3rd period - Slapshot by Carlo Colaiacovo.
5:55 of 3rd period - Shot Blocked by Erik Condra.
5:57 of 3rd period - Slapshot by Lubomir Visnovsky.
5:57 of 3rd period - Stopped by Matt Murray with a rebound.
5:59 of 3rd period - Snap shot by Jakob Silfverberg.
5:59 of 3rd period - Stopped by Matt Murray without a rebound.
6:00 of 3rd period - Eric O'Dell wins face-off versus Curtis Lazar in Capitals zone.
6:09 of 3rd period - Slapshot by Sean Bergenheim.
6:09 of 3rd period - Stopped by Matt Murray without a rebound.
6:10 of 3rd period - Curtis Lazar wins face-off versus Eric O'Dell in Capitals zone.
7:04 of 3rd period - Minor Penalty to Kyle Clifford for Roughing.
7:05 of 3rd period - Eric Staal wins face-off versus Kevin Hayes in Capitals zone.
7:05 of 3rd period - Eric Staal is hit by Carlo Colaiacovo.
7:46 of 3rd period - Icing by Brad Boyes.
7:47 of 3rd period - Paul Byron wins face-off versus Alex Tanguay in Panthers zone.
7:52 of 3rd period - Robyn Regehr is hit by Simon Despres.
8:37 of 3rd period - Snap shot by Ryan Johansen.
8:37 of 3rd period - Shot Misses the Net.
8:54 of 3rd period - Ron Hainsey is hit by Robyn Regehr and loses puck.
9:04 of 3rd period - Penalty to Kyle Clifford is over, Kyle Clifford is back on ice.
10:23 of 3rd period - Jesper Fast is hit by Jakub Kindl and loses puck.
11:15 of 3rd period - Wrist shot by Erik Condra.
11:15 of 3rd period - Shot Blocked by Ryan Johansen.
11:35 of 3rd period - Mike Green is hit by Jakob Silfverberg and loses puck.
11:56 of 3rd period - Robyn Regehr is hit by Sean Bergenheim and loses puck.
12:23 of 3rd period - Nicklas Grossmann is hit by Brad Boyes.
13:12 of 3rd period - Minor Penalty to Lubomir Visnovsky for Holding Stick.
13:13 of 3rd period - Kevin Hayes wins face-off versus Eric Staal in Panthers zone.
13:31 of 3rd period - Slapshot by Nicklas Grossmann.
13:31 of 3rd period - Goal by Nicklas Grossmann - Panthers : 4 - Capitals : 5.
13:32 of 3rd period - Marko Dano wins face-off versus Ryan Johansen in neutral zone.
14:30 of 3rd period - Brad Boyes is hit by Melker Karlsson and loses puck.
14:58 of 3rd period - Sean Bergenheim is hit by Nicklas Grossmann and loses puck.
15:31 of 3rd period - Snap shot by Patrick Kane.
15:31 of 3rd period - Shot Blocked by Calvin de Haan.
15:33 of 3rd period - Slapshot by Robyn Regehr.
15:33 of 3rd period - Shot Misses the Net.
15:49 of 3rd period - Marko Dano is hit by Calvin de Haan.
15:53 of 3rd period - Alex Galchenyuk is hit by Kyle Clifford and loses puck.
16:22 of 3rd period - Snap shot by Patrick Kane.
16:22 of 3rd period - Shot Misses the Net.
18:13 of 3rd period - Icing by Carlo Colaiacovo.
18:14 of 3rd period - Eric Staal wins face-off versus Charlie Coyle in Panthers zone.
18:31 of 3rd period - Snap shot by Eric Staal.
18:31 of 3rd period - Shot Blocked by Lubomir Visnovsky.
18:33 of 3rd period - Snap shot by Alex Tanguay.
18:33 of 3rd period - Stopped by Kevin Poulin with a rebound.
18:35 of 3rd period - Snap shot by Alex Tanguay.
18:35 of 3rd period - Shot Misses the Net.
18:37 of 3rd period - Slapshot by Nicklas Grossmann.
18:37 of 3rd period - Shot Blocked by Kevin Hayes.
19:05 of 3rd period - Panthers, Kevin Poulin is pulled from the net.
19:14 of 3rd period - Snap shot by Brad Boyes.
19:14 of 3rd period - Stopped by Matt Murray with a rebound.
Goals for this period are 1 for Panthers vs 1 for Capitals.
Shots for this period are 11 for Panthers vs 3 for Capitals.